 Dungeon Crawl Stone Soup version 0.29.0-4-gdea44cf6ec (webtiles) character file.

Game seed: 14651950229644698098

74 qw the Ruffian (level 4, -3/35 HPs)
             Began as a Ghoul Fire Elementalist on Aug 29, 2022.
             Slain by a gnoll
             ... wielding a +0 halberd
              (6 damage)
             ... on level 3 of the Dungeon.
             The game lasted 00:02:01 (2387 turns).

qw the Ruffian (Ghoul Fire Elementalist)            Turns: 2387, Time: 00:02:02

Health: -3/35      AC: 15    Str: 13    XL:     4   Next: 30%
Magic:  5/5        EV: -1    Int: 10    God:
Gold:   78         SH:  0    Dex:  9    Spells: 5/6 levels left

rFire   . . .      SeeInvis .     - Unarmed
rCold   + . .      Faith    .   (no shield)
rNeg    + + +      Spirit   .   i - +0 crystal plate armour
rPois   inf        Reflect  .   m - +0 helmet
rElec   .          Harm     .   (no cloak)
rCorr   .          Rampage  .   (no gloves)
Will    .....                   (no boots)
Stlth   ..........              d - amulet of regeneration
HPRegen 0.00/turn               (no ring)
MPRegen 0.09/turn               (no ring)

@: inhibited regen
A: claws 1, cold resistance 1, negative energy resistance 3, inhibited
regeneration, torment resistance 2, devour on kill
a: no special abilities


You were on level 3 of the Dungeon.
You visited 1 branch of the dungeon, and saw 3 of its levels.

You collected 78 gold pieces.


Innate Abilities, Weirdness & Mutations

You are immune to poison.
You have sharp fingernails.
Your flesh is cold resistant. (rC+)
You are immune to negative energy. (rN+++)
You do not regenerate when monsters are visible.
You are immune to unholy pain and torment.
You thrive by killing the living.


   Skills:
 - Level 1.2 Fighting
 - Level 1.2 Armour
 - Level 1.7 Dodging
 - Level 2.1 Stealth
 + Level 3.3 Unarmed Combat
 - Level 1.7 Spellcasting
 - Level 0.7 Conjurations
 - Level 2.4 Fire Magic


You had 5 spell levels left.
You knew the following spells:

 Your Spells              Type           Power      Damage    Failure   Level
a - Foxfire               Conj/Fire      16%        2x1d4     100%        1

Your spell library contained the following spells:

 Spells                   Type           Power      Damage    Failure   Level
 Scorch                   Fire           10%        2d5       100%        2
 Conjure Flame            Conj/Fire      4%         6-21      100%        3
 Inner Flame              Hex/Fire       3%         N/A       100%        3
 Flame Wave               Conj/Fire      4%         2d5       100%        4

Inventory:

Armour
 i - a +0 crystal plate armour (worn)
 m - a +0 helmet (worn)
Jewellery
 c - a ring of ice
 d - an amulet of regeneration (around neck)
Scrolls
 h - a scroll of identify
Potions
 b - a potion of haste {unknown}
 e - a potion of attraction {unknown}
 j - a potion of brilliance {unknown}
 k - a potion of curing {unknown}
 l - a potion of mutation {unknown}

Dungeon Overview and Level Annotations

Branches:
Dungeon (3/15)

Altars:


Message History

You scratch the gnoll.
The gnoll is severely wounded.
The gnoll hits you with a +0 whip. The gnoll hits you but does no damage.
You claw the gnoll!
You kill the gnoll!
The gnoll hits you from afar with a +0 halberd.
Your Armour skill increases to level 1!
The gnoll hits you but does no damage.
Things that are here:
a +0 whip; a +0 club; a gnoll corpse You scratch the gnoll but do no damage.
The gnoll hits you but does no damage.
You closely miss the gnoll. The gnoll hits you but does no damage.
You closely miss the gnoll. The gnoll hits you with a +0 halberd.
You scratch the gnoll.
The gnoll is lightly wounded.
The gnoll hits you but does no damage.
You closely miss the gnoll.
The gnoll is lightly wounded.
The gnoll hits you with a +0 halberd.
You barely miss the gnoll.
The gnoll is lightly wounded.
The gnoll hits you but does no damage.
You scratch the gnoll.
The gnoll is heavily wounded.
The gnoll hits you with a +0 halberd!
You closely miss the gnoll.
The gnoll is moderately wounded.
The gnoll hits you with a +0 halberd.
You closely miss the gnoll.
The gnoll is moderately wounded.
The gnoll hits you but does no damage.
You barely miss the gnoll.
The gnoll is moderately wounded.
You scratch the gnoll.
The gnoll is heavily wounded.
The gnoll hits you with a +0 halberd.
You die...

#####.# .# #...#.# .#
###...#.# .# #.......#
.# #.......# .#
#.......# .# ##
........#########g#...##
................@.......
.###....#########.#...##
.# #.#..### .# ... .#
#......# .. .
.######.#.# ###
........#.# .########.#
..#######.# ..........#


You could see a gnoll.

Vanquished Creatures
  2 gnolls (D:3)
  An adder (D:2)
  An adder zombie (D:2)
  A dart slug (D:2)
  A bat zombie (D:2)
  3 endoplasms
  3 giant cockroaches
  5 goblins
  A hobgoblin (D:1)
  3 kobolds
  A quokka (D:1)
  6 ball pythons
  A ball python skeleton (D:2)
  A ball python zombie (D:2)
  5 bats
  4 frilled lizards
  A quokka skeleton (D:2)
  2 rats (D:1)
42 creatures vanquished.

Vanquished Creatures (others)
  2 plants (D:1)
  A withered plant (D:2)
3 creatures vanquished.

Grand Total: 45 creatures vanquished

Notes
Turn   | Place    | Note
-------+----------+-------------------------------------------
     0 | D:1      | qw the Ghoul Fire Elementalist began the quest for the Orb.
     0 | D:1      | Reached XP level 1. HP: 14/14 MP: 2/2
     0 | D:1      | 0 ||| qw: Version: 0.1-a-90-g952f4b7
     0 | D:1      | 0 ||| qw: Game counter: 3963
     0 | D:1      | 0 ||| qw: Always use a shield: true
     0 | D:1      | 0 ||| qw: God list: Okawaru
     0 | D:1      | 0 ||| qw: Allow faded altars: false
     0 | D:1      | 0 ||| qw: Do Orc after D:15 true
     0 | D:1      | 0 ||| qw: Do second Lair branch before Depths: true
     0 | D:1      | 0 ||| qw: Lair rune preference: random
     0 | D:1      | 0 ||| qw: Plans: Normal
     0 | D:1      | 0 ||| PLANNING D:1-11
   135 | D:1      | Found a faded altar of an unknown god.
   159 | D:1      | Reached skill level 1 in Unarmed Combat
   330 | D:1      | Reached skill level 1 in Fighting
   330 | D:1      | Reached XP level 2. HP: 23/23 MP: 3/3
   492 | D:1      | 492 ||| Stepping ~*~*~tactically~*~*~ (stealth).
   503 | D:1      | 503 ||| Stepping ~*~*~tactically~*~*~ (stealth).
   505 | D:1      | 505 ||| Stepping ~*~*~tactically~*~*~ (stealth).
   620 | D:1      | 620 ||| Stepping ~*~*~tactically~*~*~ (outnumbered).
   641 | D:1      | Reached skill level 2 in Unarmed Combat
   940 | D:1      | 940 ||| Stepping ~*~*~tactically~*~*~ (outnumbered).
   941 | D:1      | 941 ||| Stepping ~*~*~tactically~*~*~ (outnumbered).
   943 | D:1      | 943 ||| Stepping ~*~*~tactically~*~*~ (outnumbered).
  1272 | D:1      | 1272 ||| UPGRADING to amulet of regeneration.
  1277 | D:1      | 1277 ||| READING scroll labelled GUTASI NIXKIPP.
  1278 | D:1      | 1278 ||| READING 2 scrolls labelled GAOCWU LIEMU.
  1279 | D:1      | 1279 ||| READING scroll labelled HIOD UMUIGGAYL.
  1284 | D:1      | 1284 ||| DROPPING potion of magic.
  1354 | D:2      | Reached XP level 3. HP: 28/28 MP: 4/4
  1571 | D:2      | 1571 ||| Stepping ~*~*~tactically~*~*~ (stealth).
  1572 | D:2      | 1572 ||| Stepping ~*~*~tactically~*~*~ (stealth).
  1675 | D:2      | 1675 ||| Stepping ~*~*~tactically~*~*~ (stealth).
  1677 | D:2      | 1677 ||| Stepping ~*~*~tactically~*~*~ (stealth).
  1681 | D:2      | Reached skill level 3 in Unarmed Combat
  1688 | D:2      | 1688 ||| Stepping ~*~*~tactically~*~*~ (stealth).
  2192 | D:2      | 2192 ||| UPGRADING to +0 ring mail.
  2202 | D:2      | 2202 ||| DROPPING +0 robe.
  2203 | D:2      | 2203 ||| UPGRADING to +0 crystal plate armour.
  2213 | D:2      | 2213 ||| DROPPING +0 ring mail.
  2214 | D:2      | 2214 ||| UPGRADING to +0 helmet.
  2219 | D:2      | 2219 ||| READING scroll labelled SIRRAN DUEX.
  2366 | D:3      | 2366 ||| Stepping ~*~*~tactically~*~*~ (outnumbered).
  2368 | D:3      | Reached XP level 4. HP: 35/35 MP: 5/5
  2376 | D:3      | Reached skill level 1 in Armour
  2383 | D:3      | HP: 8/35 [gnoll/+0 halberd (7)]
  2384 | D:3      | HP: 3/35 [gnoll/+0 halberd (5)]
  2387 | D:3      | Slain by a gnoll

Levels and vault maps discovered:
D:1:      spicycebolla_arrival_clurvy, layout_basic,
          shapermc_ecumenical_altar_flowoftime
D:2:      layout_basic, serial_undead, serial_undead_d, serial_undead_a,
          serial_undead_b, serial_undead_d, minmay_crystal_room,
          nicolae_figureground_pulse
D:3:      layout_loops_corners

Skill      XL: |  1  2  3  4 |
---------------+-------------+-----
Unarmed Combat | 1 2 3 |  3.3
Fighting       | 1 |  1.2
Armour         | 1 |  1.2
Dodging        | |  1.7
Stealth        | |  2.1
Spellcasting   | |  1.7
Conjurations   | |  0.7
Fire Magic     | |  2.4

Action                   |  1- 3 |  4- 6 || total
-------------------------+-------+-------++-------
Melee: Unarmed           |   150 |    19 ||   169
       Punch             |     3 |       ||     3
  Use: Scroll            |     4 |       ||     4
Armor: Robe              |    29 |       ||    29
       Crystal plate arm |     5 |    15 ||    20
Dodge: Dodged            |   109 |     1 ||   110

Table legend:
 A = Non-vault XP
 B = Vault XP
 C = Vault XP percentage of total XP
 D = Non-vault monster count
 E = Vault monster count
 F = Vault count percentage of total count
                 A         B        C        D         E       F
            +---------+---------+-------+---------+---------+-------
      Total |      96 |      11 |  10.3 |      37 |       5 |  11.9
            +---------+---------+-------+---------+---------+-------
        D:1 |      32 |       0 |   0.0 |      20 |       0 |   0.0
        D:2 |      32 |      11 |  25.6 |      13 |       5 |  27.8
        D:3 |      32 |       0 |   0.0 |       4 |       0 |   0.0
            +---------+---------+-------+---------+---------+-------
